Map: [ESL] Gresvan

Players

HeroMarine

  • Race: Terran Terran
  • Spawn Location: 5:00

SKillous - Winner!

  • Race: Protoss Protoss
  • League: Grandmaster
  • Spawn Location: 11:00

Event: HomeStory Cup XXIII

VOD

Have the link to the VOD?

Description

Time

  • Played on: June 30, 2023, 1:48 p.m.
  • Length: 8:21

All games in this series

Show
View Real Time Build Order
Export as new Build Order

HeroMarine Terran 

Build Orders:  

Get SALT Encoding   

  12  0:00  SCV  
  13  0:12  SCV  
  14  0:16  Supply Depot  
  14  0:24  SCV  
  15  0:38  SCV  
  15  0:39  Barracks  
  16  0:45  Refinery  
  16  0:50  SCV  
  17  1:02  Engineering Bay  
  17  1:03  SCV  
  18  1:15  SCV  
  19  1:26  Marine  
  19  1:27  Orbital Command  
  20  1:45  Barracks Reactor  
  20  1:52  SCV  
  21  1:58  Command Center  
  21  2:02  Supply Depot  
  21  2:04  SCV  
  22  2:12  Factory  
  22  2:16  SCV  
  23  2:23  Marine x2  
  23  2:28  SCV  
  26  2:30  Refinery  
  26  2:40  SCV  
  26  2:41  Marine x2  
  29  2:53  SCV  
  29  2:56  Starport  
  30  3:05  SCV  
  31  3:16  Hellion x2  
  31  3:18  Orbital Command  
  36  3:20  SCV  
  35  3:32  SCV  
  36  3:36  Supply Depot  
  36  3:37  Widow Mine x2  
  39  3:44  SCV  
  39  3:45  SCV  
  39  3:52  Medivac  
  39  3:53  Barracks Tech Lab  
  40  3:56  SCV  
  40  3:57  SCV  
  40  3:58  Widow Mine x2  
  46  4:06  Supply Depot  
  46  4:08  SCV  
  46  4:09  SCV  
  48  4:20  SCV  
  48  4:21  SCV  
  48  4:23  Starport Tech Lab  
  50  4:24  Marine x2  
  50  4:32  SCV, Siege Tank  
  50  4:34  SCV  
  51  4:42  Marine x2, Viking  
  51  4:44  SCV  
  54  4:46  SCV  
  50  4:56  SCV  
  50  4:58  SCV  
  43  5:00  Marine  
  43  5:04  Siege Tank  
  42  5:08  SCV  
  42  5:10  SCV  
  37  5:21  SCV  
  37  5:22  SCV  
  37  5:25  Marine  
  37  5:26  Marine  
  37  5:33  SCV  
  37  5:34  SCV  
  37  5:45  SCV  
  37  5:46  SCV  
  39  5:51  Raven  
  37  5:57  SCV  
  37  5:58  SCV  
  37  6:03  Marine x2  
  41  6:07  Supply Depot  
  41  6:09  SCV  
  41  6:11  SCV  
  43  6:18  Siege Tank  
  46  6:21  SCV  
  46  6:23  SCV  
  47  6:36  Marine  
  47  6:38  Marine  
  47  6:39  SCV  
  50  6:42  SCV  
  51  6:51  SCV  
  50  6:55  SCV  
  50  6:59  Raven  
  40  7:04  SCV  
  40  7:06  Marine  
  35  7:16  Marine  
  35  7:19  SCV  
  37  7:23  SCV  
  37  7:29  Marine  
  39  7:33  SCV  
  39  7:34  Marine  
  39  7:35  SCV  
  40  7:45  SCV  
  40  7:46  Marine  
  40  7:47  SCV  
  43  7:52  Bunker  
  43  7:57  Marine, SCV  
  45  7:59  SCV  
Show
View Real Time Build Order
Export as new Build Order

SKillous Protoss - Winner!

Build Orders: 1 Gate Expand 

Get SALT Encoding   

  12  0:00  Probe  
  13  0:12  Probe  
  14  0:17  Pylon  
  14  0:24  Probe (Chrono Boost)  
  15  0:35  Gateway  
  15  0:36  Probe (Chrono Boost)  
  16  0:45  Probe (Chrono Boost)  
  16  0:46  Assimilator  
  17  0:51  Probe  
  18  1:03  Probe  
  19  1:15  Probe  
  20  1:22  Cybernetics Core  
  20  1:34  Probe  
  20  1:39  Nexus  
  21  1:41  Pylon  
  21  1:46  Probe  
  22  1:51  Assimilator  
  21  1:57  Adept (Chrono Boost)  
  21  1:58  Probe  
  24  2:02  Warp Gate  
  24  2:10  Probe (Chrono Boost)  
  25  2:20  Adept  
  25  2:22  Probe (Chrono Boost)  
  28  2:26  Probe (Chrono Boost)  
  29  2:30  Robotics Facility  
  30  2:37  Probe  
  31  2:52  Probe (Chrono Boost)  
  31  2:53  Probe (Chrono Boost)  
  31  2:58  Gateway  
  32  3:00  Stalker  
  32  3:02  Probe (Chrono Boost)  
  32  3:04  Probe (Chrono Boost)  
  36  3:07  Probe (Chrono Boost)  
  37  3:13  Probe  
  37  3:16  Warp Prism (Chrono Boost)  
  40  3:27  Probe, Gateway  
  40  3:31  Probe  
  42  3:39  Probe  
  41  3:51  Probe, Shield Battery x2  
  41  3:55  Pylon, Stalker  
  41  4:03  Stalker  
  41  4:04  Probe x2  
  45  4:10  Observer  
  45  4:11  Pylon  
  45  4:16  Probe  
  47  4:18  Probe  
  48  4:26  Stalker x3  
  48  4:30  Twilight Council  
  54  4:44  Probe x2  
  56  4:52  Stalker x3  
  62  4:56  Pylon  
  62  4:57  Probe  
  58  5:08  Probe  
  58  5:09  Probe, Charge (Chrono Boost)  
  55  5:18  Stalker  
  56  5:26  Stalker  
  58  5:31  Probe x2  
  60  5:37  Stalker  
  62  5:43  Probe  
  62  5:44  Stalker  
  50  5:50  Probe  
  50  5:55  Probe (Chrono Boost)  
  52  6:02  Gateway  
  52  6:04  Gateway  
  52  6:06  Probe (Chrono Boost)  
  54  6:13  Probe (Chrono Boost)  
  54  6:17  Probe (Chrono Boost)  
  53  6:31  Probe  
  51  6:38  Zealot x3  
  56  6:43  Gateway  
  56  7:00  Zealot x4  
  58  7:02  Probe x2  
  52  7:19  Probe  
  49  7:28  Zealot x5  
  57  7:42  Pylon  
  57  7:51  Zealot x4  
  63  8:12  Zealot x5  
Tags
 
Add a new tag
Caveats
  • Supply blocks, unpowered buildings, or Contaminate may cause inaccurate times.
  • Supply counts are checked every 10 seconds.